 Dungeon Crawl Stone Soup version 0.29-a0-757-g358383bc75 (webtiles) character file.

Game seed: 1445559817795829010

3987 RancidPinata the Fighter (level 10, -5/64 HPs)
             Began as a Gargoyle Gladiator on June 30, 2022.
             Slain by Erica
             ... wielding a +4 scimitar of flaming
              (14 damage)
             ... on level 9 of the Dungeon.
             The game lasted 00:45:34 (10385 turns).

RancidPinata the Fighter (Gargoyle Gladiator)      Turns: 10385, Time: 00:45:35

Health: -5/64      AC: 22    Str: 27    XL:     10   Next: 22%
Magic:  10/10      EV: 13    Int:  8    God:
Gold:   2301       SH:  0    Dex: 13    Spells: 9/9 levels left

rFire   + . .      SeeInvis .   N - +2 flail (vorpal)
rCold   . . .      Faith    .   (no shield)
rNeg    + . .      Spirit   .   i - +1 ring mail {rF+}
rPois   ∞          Reflect  .   c - +0 helmet
rElec   +          Harm     .   H - +0 cloak
rCorr   .          Rampage  .   (no gloves)
Will    .....                   t - +0 pair of boots
Stlth   ++........              j - amulet of regeneration
HPRegen 1.00/turn               q - +4 ring of protection
MPRegen 0.12/turn               o - +6 ring of strength

@: slowed, very slow
A: sickness immunity, AC +7, negative energy resistance 1, electricity
resistance, torment resistance 1, petrification resistance
a: no special abilities


You were on level 9 of the Dungeon.
You visited 2 branches of the dungeon, and saw 10 of its levels.

You collected 2830 gold pieces.
You spent 529 gold pieces at shops.

Inventory:

Hand Weapons
 E - the +5 shortbow of Impermanence {freeze, rC+}
   (You found it on level 5 of the Dungeon)

   Any ammunition fired from it freezes those it strikes, dealing additional
   cold damage.
   It can also slow down cold-blooded creatures.
   rC:        It protects you from cold.
 N - a +2 vorpal flail (weapon)
Missiles
 d - 3 throwing nets
 e - a javelin
 h - 84 stones (quivered)
 l - 4 atropa-tipped darts
 n - 5 curare-tipped darts
 p - 3 silver boomerangs
 y - 4 poisoned darts
Armour
 c - a +0 helmet (worn)
 i - a +1 ring mail of fire resistance (worn)
 t - a +0 pair of boots (worn)
 D - a +0 buckler
 G - an orb of wrath
 H - a +0 cloak (worn)
Jewellery
 b - a ring of see invisible
 j - an amulet of regeneration (around neck)
 o - a +6 ring of strength (right hand)
 q - a +4 ring of protection (left hand)
 s - the ring "Jinnedaem" {rCorr Str+2}
   (You found it on level 9 of the Dungeon)

   [ring of resist corrosion]

   Str:       It affects your strength (+2).
   rCorr:     It protects you from acid and corrosion.
Wands
 f - a wand of flame (11)
 u - a wand of light (4)
 A - a wand of polymorph (8)
 K - a wand of paralysis (1)
 L - a wand of digging (5)
Scrolls
 g - 5 scrolls of teleportation
 v - a scroll of vulnerability {unknown}
 B - 2 scrolls of magic mapping
 C - 2 scrolls of noise
 I - 2 scrolls of immolation
 M - a scroll of fear {unknown}
Potions
 a - a potion of flight
 k - 2 potions of ambrosia
 m - a potion of magic
 r - 2 potions of lignification
 w - a potion of mutation
 F - a potion of cancellation


   Skills:
 * Level 8.1 Fighting
 - Level 1.1 Short Blades
 * Level 7.6 Maces & Flails
 * Level 4.7 Ranged Weapons
 + Level 4.7 Throwing
 + Level 5.1 Armour
 + Level 4.7 Dodging
 + Level 3.6 Stealth


You had 9 spell levels left.
You didn't know any spells.
Your spell library contained the following spells:

 Spells                   Type           Power      Damage    Failure   Level
 Necrotize                Necr           0%         1d4       52%         1
 Sting                    Tmut/Pois      0%         1d3       52%         1
 Poisonous Vapours        Pois/Air       0%         N/A       67%         2
 Wereblood                Tmut           0%         N/A       67%         2
 Ignite Poison            Fire/Tmut/Pois 0%         N/A       88%         3
 Mephitic Cloud           Conj/Pois/Air  0%         N/A       88%         3
 Summon Guardian Golem    Hex/Summ       0%         N/A       88%         3
 Vampiric Draining        Necr           0%         2d6       88%         3
 Corpse Rot               Necr/Pois/Air  0%         N/A       99%         4
 Dispel Undead            Necr           0%         3d6       99%         4
 Olgreb's Toxic Radiance  Pois           0%         N/A       99%         4
 Agony                    Necr           0%         N/A       100%        5
 Freezing Cloud           Conj/Ice/Air   0%         6-21      100%        5
 Death Channel            Necr           0%         N/A       100%        6
 Orb of Destruction       Conj           0%         9d5       100%        7
 Spellforged Servitor     Conj/Summ      0%         N/A       100%        7
 Summon Hydra             Summ           0%         N/A       100%        7
 Sublimation of Blood     Necr           Unusable   N/A       N/A         2

Dungeon Overview and Level Annotations

Branches:
Dungeon (9/15)             Temple (1/1) D:5
   Lair: D:8-11         Orc: D:9-12

Altars:
Ashenzari
Cheibriados
Dithmenos
Fedhas
Gozag
Kikubaaqudgha
Makhleb
Nemelex Xobeh
Qazlal
Ru
Sif Muna
Trog
Uskayaw
Wu Jian
Yredelemnul
Zin
The Shining One

Shops:
D:6 *:   D:7 *

Annotations:
D:4 2 transporters, RancidPinata's ghost, amateur GrGl
D:9 Erica


Innate Abilities, Weirdness & Mutations

You are immune to sickness and miasma.
Your stone body is resilient. (AC +7)
You are immune to poison.
You resist negative energy. (rN+)
You are resistant to electric shocks. (rElec)
You are resistant to unholy torment.
You are immune to petrification.


Message History

Erica screams, "You'll never get it!"
Erica hits you with a +4 scimitar of flaming!
Erica burns you. Erica hits you but does no damage.
Non-targeted confused fire: E) +5 shortbow of Impermanence {freeze, rC+}
Press: ? - help, Q - select action, (/) - cycle Dir - look around, f - activate You shoot an arrow.
You feel less confused.
Erica hits you with a +4 scimitar of flaming.
Erica hits you with a +4 scimitar of flaming!
Erica burns you.
Your magical effects are unravelling.
You feel magically purged.
You feel yourself speed up. Erica hits you but does no damage.
Erica points at you and mumbles some strange words.
You feel yourself slow down.
The +5 shortbow of Impermanence {freeze, rC+} stops glowing.
N - a +2 vorpal flail (weapon)
Erica mumbles some strange words.
Erica flickers and vanishes!
Deactivating autopickup; reactivate with Ctrl-A.
You hit something. Something barely misses you.
You sock something! Something hits you but does no damage.
You hear some strange, mumbled words.
A lance of force appears from out of thin air!
The lance of force hits you but does no damage.
You hit something but do no damage. Something hits you.
You barely miss something. Something hits you! Something burns you.
Something hits you!
* * * LOW HITPOINT WARNING * * *
Something burns you.
* * * LOW HITPOINT WARNING * * *
You feel better. Something hits you. x2
You miss something. Something hits you!
* * * LOW HITPOINT WARNING * * *
Something burns you.
* * * LOW HITPOINT WARNING * * *
You hit something.
Something hits you but does no damage. x2
You sock something! Something hits you!
You die...

#........
#....##.. #
##.##.# ..
##.#####<..#.# .
.........#)..# #
?#.##........##.#
#.......[..>...#
#......{.....#..
#......@........
##.#####[#...#..
#. #....#...#..
#. #.####...# #.
#.# ..# #. #.# ..
#> #.# #
#.##.##.####....
#............#


There were no monsters in sight!

Vanquished Creatures
  A two-headed ogre (D:8)
  Joseph (D:7)
  A troll (D:7)
  A wyvern (D:7)
  2 sky beasts (D:8)
  2 orc warriors
  A black bear (D:4)
  An ice beast (D:7)
  2 centaurs
  4 phantoms
  Blork the orc (D:6)
  A kobold brigand (D:8)
  2 necrophages
  4 bullfrogs
  4 scorpions
  6 orc priests
  2 gnoll shamans (D:8)
  4 hounds (D:4)
  An iguana (D:7)
  9 orc wizards
  12 gnolls
  11 adders
  A shadow imp (D:5)
  A white imp (D:6)
  2 ufetubi (D:6)
  2 worms
  2 dart slugs (D:2)
  32 orcs
  6 ball pythons
  8 endoplasms
  9 giant cockroaches
  7 hobgoblins
  16 kobolds
  5 quokkas
  2 bats
  3 frilled lizards
  8 goblins
  5 rats
  A spectral hobgoblin (D:3)
183 creatures vanquished.

Vanquished Creatures (others)
  41 plants
41 creatures vanquished.

Grand Total: 224 creatures vanquished

Notes
Turn   | Place    | Note
-------+----------+-------------------------------------------
     0 | D:1      | RancidPinata the Gargoyle Gladiator began the quest for the
                  | Orb.
     0 | D:1      | Reached XP level 1. HP: 12/12 MP: 1/1
   371 | D:1      | Reached XP level 2. HP: 7/18 MP: 2/2
  1048 | D:1      | Reached XP level 3. HP: 22/22 MP: 3/3
  1593 | D:1      | Reached skill level 1 in Armour
  1932 | D:2      | Reached skill level 3 in Fighting
  2068 | D:2      | Reached XP level 4. HP: 25/28 MP: 4/4
  3111 | D:3      | Reached XP level 5. HP: 21/32 MP: 5/5
  3597 | D:3      | Found a faded altar of an unknown god.
  3615 | D:3      | Reached skill level 4 in Fighting
  3615 | D:3      | Reached XP level 6. HP: 38/38 MP: 6/6
  3655 | D:3      | Found a faded altar of an unknown god.
  3658 | D:3      | Found a glowing silver altar of Zin.
  4448 | D:4      | Noticed a black bear
  4896 | D:4      | Found a transporter.
  4898 | D:4      | Noticed RancidPinata's ghost (amateur GrGl)
  4916 | D:4      | Killed a black bear
  4917 | D:4      | Reached XP level 7. HP: 11/44 MP: 7/7
  5028 | D:4      | Reached skill level 5 in Fighting
  5028 | D:4      | Reached skill level 1 in Short Blades
  5028 | D:4      | Reached skill level 5 in Maces & Flails
  5277 | D:4      | Found a blossoming altar of Fedhas.
  5291 | D:4      | Found a transporter.
  5636 | D:5      | Entered Level 5 of the Dungeon
  5645 | D:5      | Found a staircase to the Ecumenical Temple.
  5741 | Temple   | Entered the Ecumenical Temple
  5961 | D:5      | Reached XP level 8. HP: 48/50 MP: 8/8
  6211 | D:5      | Identified the +5 shortbow of Impermanence {freeze, rC+}
  6574 | D:6      | Noticed Blork the orc
  6579 | D:6      | Killed Blork the orc
  7157 | D:6      | Found Tinaan's Assorted Antiques.
  7166 | D:6      | Reached skill level 6 in Fighting
  7166 | D:6      | Reached skill level 1 in Ranged Weapons
  7171 | D:6      | Bought a scroll labelled ULEYR SUTZIN for 25 gold pieces
  7171 | D:6      | Bought a scroll labelled ULEYR SUTZIN for 25 gold pieces
  7176 | D:6      | Identified 2 scrolls of acquirement
  7180 | D:6      | Acquired 1143 gold pieces
  7182 | D:6      | Acquired 1220 gold pieces
  7188 | D:6      | Bought a copper wand for 100 gold pieces
  7223 | D:6      | Found Wacw's Book Shoppe.
  7534 | D:7      | Found a sacrificial altar of Ru.
  7562 | D:7      | Found an opulent altar of Gozag.
  7568 | D:7      | Noticed a troll
  7670 | D:7      | Noticed Joseph
  7683 | D:7      | Killed Joseph
  7684 | D:7      | Reached skill level 1 in Stealth
  7684 | D:7      | Reached XP level 9. HP: 30/56 MP: 9/9
  7727 | D:7      | Found Coat's Assorted Antiques.
  7742 | D:7      | Bought a shiny wooden wand for 88 gold pieces
  7742 | D:7      | Bought a scroll labelled LOSIPP DEIM for 22 gold pieces
  7742 | D:7      | Bought 2 scrolls labelled EDGHITS RUSOPE for 44 gold pieces
  7742 | D:7      | Bought a white potion for 19 gold pieces
  7742 | D:7      | Bought a scroll of identify for 44 gold pieces
  7932 | D:7      | Reached skill level 7 in Fighting
  7982 | D:7      | Killed a troll
  9071 | D:8      | Noticed a two-headed ogre
  9090 | D:8      | Killed a two-headed ogre
  9091 | D:8      | Reached XP level 10. HP: 63/64 MP: 10/10
  9244 | D:8      | Reached skill level 5 in Armour
  9271 | D:8      | Found a shadowy altar of Dithmenos.
  9655 | D:8      | Reached skill level 8 in Fighting
  9782 | D:9      | Noticed Erica
 10083 | D:6      | Bought a runed flail for 162 gold pieces
 10155 | D:9      | Identified the ring "Jinnedaem" {rCorr Str+2}
 10385 | D:9      | Slain by Erica

Illustrated notes

Levels and vault maps discovered:
D:1:      dpeg_arrival_windows_large_door, layout_loops_ring,
          kennysheep_decorative_pillar
D:2:      layout_loops_ring
D:3:      layout_loops_ring, nicolae_overflow_ecumenical_swirl,
          dreamdust_ecumenical_altar_drowned_temple, serial_bayou,
          serial_bayou_pond_b, serial_bayou_lake_a, serial_bayou_ford_a,
          serial_bayou_pond_a
D:4:      layout_loops_cross, kennysheep_mini_moat, gammafunk_ghost_mausoleum,
          minmay_starry_boxes
D:5:      layout_basic, minmay_temple_entry_slanted
D:6:      layout_loops_ring, serial_shops, shop, nicolae_diamond_shop,
          uniq_blork_the_orc
D:7:      layout_cave_pools, mainiacjoe_overflow_catwalk_spiral, serial_glass,
          glass_columns_c, glass_columns_b, serial_shops, shop, uniq_joseph
D:8:      layout_basic, mainiacjoe_overflow_concentric_impassable, serial_glass,
          glass_columns_b, glass_columns_c
D:9:      layout_loops_ring, elyvilon_altar_1, okawaru_gym_becter,
          dpeg_oklobed_lair, uniq_erica
Temple:   minmay_temple_bridge_abc

Skill      XL: |  1  2  3  4  5  6  7  8  9 10 |
---------------+-------------------------------+-----
Throwing       | 2 3 4 |  4.7
Armour         | 1 2 3 4 5 |  5.1
Fighting       | 3 4 5 6 7 8 |  8.1
Maces & Flails | 4 5 6 7 |  7.6
Dodging        | 3 4 |  4.7
Short Blades   | 1 |  1.1
Ranged Weapons | 2 4 |  4.7
Stealth        | 1 3 |  3.6

Action                   |  1- 3 |  4- 6 |  7- 9 | 10-12 || total
-------------------------+-------+-------+-------+-------++-------
Melee: Flail             |   132 |   159 |       |    12 ||   303
       Punch             |     3 |     5 |     1 |       ||     9
       Dagger            |       |    31 |    67 |       ||    98
       Whip              |       |       |    74 |       ||    74
 Fire: Shortbow          |       |       |   227 |   124 ||   351
Throw: Stone             |       |     8 |       |     1 ||     9
  Use: Scroll            |       |     1 |    16 |     5 ||    22
       Potion            |       |       |     3 |     2 ||     5
Armor: Ring mail         |    70 |   102 |   133 |    60 ||   365
Dodge: Dodged            |   103 |   133 |   166 |    48 ||   450

Table legend: (Time is in decaauts)
 A = Elapsed time spent in this place.
 B = Non-inter-level travel time spent in this place.
 C = Inter-level travel time spent in this place.
 D = Time resting spent in this place.
 E = Time spent auto-exploring this place.
 F = Levels seen in this place.
 G = Mean time per level.
                   A        B        C        D        E       F      G
               +--------+--------+--------+--------+--------+-----+--------+
         Total |  10689 |  10336 |    353 |   2692 |   4280 |  10 | 1068.9 |
       Dungeon |  10483 |  10131 |    352 |   2692 |   4113 |   9 | 1164.8 |
        Temple |    206 |    205 |      1 |      0 |    167 |   1 |  206.0 |
               +--------+--------+--------+--------+--------+-----+--------+

Top non-repeatable levels by time:
     D:1: 1999 daAuts
     D:3: 1764 daAuts
     D:8: 1655 daAuts
     D:6: 1233 daAuts
     D:4: 1153 daAuts
     D:7: 842 daAuts
     D:2: 838 daAuts
     D:5: 785 daAuts
     D:9: 211 daAuts
  Temple: 206 daAuts
